[Event "Late-Titled-Tuesday-Blitz-April-30-2024"]
[Site "Chess.com"]
[Date "2024.04.30"]
[Round "7"]
[White "vanyakuba"]
[Black "azikom"]
[Result "0-1"]
[WhiteElo "2402"]
[BlackElo "2718"]
[TimeControl "180+1"]
[EndTime "15:18:11 PDT"]
[Termination "azikom won by resignation"]

1. e4 c6 2. d4 d5 3. exd5 cxd5 4. c4 e6 5. Nc3 Nf6 6. Nf3 Bb4 7. cxd5 Nxd5 8. Bd2 Nc6 9. Bd3 Nf6 10. Bg5 h6 11. Bh4 Be7 12. O-O O-O 13. a3 b6 14. Bc2 Ba6 15. Re1 Rc8 16. Rc1 Na5 17. Ne5 Nd5 18.
Bxe7 Nxe7 19. Qg4 Bb7 20. Rcd1 Nd5 21. Nxd5 Rxc2 22. Nf4 Qg5 23. b4 Nc4 24. Qxg5 hxg5 25. Nh3 Nxe5 26. dxe5 g4 27. Nf4 Rfc8 28. Ne2 Ra2 29.
Nd4 Bd5 30. b5 Rxa3 31. Ra1 Rcc3 32. Ne2 Rxa1 33. Rxa1 Rc2 34. Nd4 Rc4 35. Ne2 Rb4 36. h3 gxh3 37. gxh3 Rxb5 38. Rxa7 Rb3 39. Nf4 Be4 40.
Rd7 b5 41. Rd8+ Kh7 42. Rb8 b4 43. Rd8 Rb1+ 44. Kh2 b3 45. Kg3 Rg1+ 46. Kh4 g5+ 47. Kh5 gxf4 48. Rd7 Bg6+ 49. Kh4 b2 50. Rb7 b1=Q 0-1

[Event "Late-Titled-Tuesday-Blitz-April-30-2024"]
[Site "Chess.com"]
[Date "2024.04.30"]
[Round "7"]
[White "rhwr"]
[Black "cthake"]
[Result "1-0"]
[WhiteElo "2276"]
[BlackElo "1866"]
[TimeControl "180+1"]
[EndTime "15:18:12 PDT"]
[Termination "rhwr won on time"]

1. e4 e6 2. Nf3 d5 3. e5 c5 4.
b4 Nc6 5. b5 Nb8 6. c3 Bd7 7. d4 c4 8. a4 a6 9. Ba3 Bxa3 10.
Nxa3 axb5 11. axb5 Qe7 12. Qc1 Nh6 13. Be2 O-O 14. O-O Ra5 15. Qb2 b6 16. Rfb1 Nf5 17. Qd2 h6 18. Nc2 Rxa1 19. Nxa1 Qa3 20. Qb2 Qxb2 21.
Rxb2 Ne7 22. Nc2 Nc8 23. Na3 Na7 24. g3 g6 25. Bd1 Rd8 26. Kg2 Kf8 27. h4 h5 28. Ng5 Ke7 29. Nh7 Rh8 30. Nf6 Rd8 31.
f3 Be8 32. g4 hxg4 33. fxg4 Nd7 34. Ng8+ Kf8 35. Nh6 Kg7 36. g5 f5 37. exf6+ Nxf6 38. gxf6+ Kxh6 39. Bg4 Bf7 40. Re2 Rd6 41. Re5 Nc8 42. Kg3 Na7 43. Kf4 Nc8 44. Re2 Bg8 45.
Ke5 Bf7 46. Rh2 Bg8 47. Nc2 Bf7 48. Ne3 Rd8 49. Bf3 Na7 50. Ng4+ Kh7 51. Kf4 Nxb5 52. Ne5 Rf8 53. Rc2 Nd6 54. Rb2 b5 55. Ra2 Kh6 56. Ra7 1-0

[Event "Late-Titled-Tuesday-Blitz-April-30-2024"]
[Site "Chess.com"]
[Date "2024.04.30"]
[Round "7"]
[White "bubeliang"]
[Black "sergiochess83"]
[Result "0-1"]
[WhiteElo "2806"]
[BlackElo "2917"]
[TimeControl "180+1"]
[EndTime "15:18:13 PDT"]
[Termination "sergiochess83 won by checkmate"]

1. e4 e6 2. b3 c5 3. Bb2 Nc6 4. g3 d6 5. Bg2 Nf6 6. Ne2 Bd7 7. O-O Be7 8. d3 O-O 9. Nd2 b5 10. f4 Ng4 11. Rf3 Bf6 12. Bxf6 Nxf6 13. h3 e5 14. f5 Nd4 15. Rf2 h6 16. g4 a5 17.
Nxd4 cxd4 18. Nf3 Rc8 19. h4 Nxg4 20. Re2 Rc3 21. Qe1 b4 22. Qg3 Ne3 23. Ne1 Qf6 24.
Bf3 Rfc8 25. Rc1 a4 26. Kh2 axb3 27. axb3 Rxb3 28. Ng2 Rxd3 29. Nxe3 Rxe3 30. Rg2 Rcc3 31. Rf2 b3 32. Qg4 Rxf3 33. Rxf3 Rxf3 34. Qxf3 Qxh4+ 35.
Kg2 Qg5+ 36. Qg3 Qxc1 37. Qxb3 Qd2+ 38. Kh1 Qe1+ 39. Kh2 Qh4+ 40. Kg1 Qxe4 41. Qb8+ Kh7 42. c4 dxc3 43. f6 Qg6+ 44. Kh2 Qxf6 45. Qc7 Qf4+ 46. Kh1 Bf5 47. Qxc3 d5 48. Kg1 d4 49. Qb3 Qe3+ 50.
Qxe3 dxe3 51. Kf1 Bd3+ 52. Kg2 e4 53. Kg3 g5 54. Kg4 e2 55. Kg3 e1=Q+ 56. Kg4 Qf2 57. Kh3 Bf1+ 58. Kg4 Qf3# 0-1

[Event "Late-Titled-Tuesday-Blitz-April-30-2024"]
[Site "Chess.com"]
[Date "2024.04.30"]
[Round "7"]
[White "TigrVShlyape"]
[Black "GoltsevDmitry2000"]
[Result "1-0"]
[WhiteElo "2938"]
[BlackElo "2814"]
[TimeControl "180+1"]
[EndTime "15:18:14 PDT"]
[Termination "TigrVShlyape won by resignation"]

1. d4 e6 2. Bf4 Nf6 3. e3 d5 4. Nf3 Nbd7 5. Nbd2 Ne4 6. Nxe4 dxe4 7. Nd2 Nf6 8. c3 Bd6 9. Bg5 Be7 10. Bxf6 gxf6 11.
Nxe4 f5 12. Nd2 Bd7 13. Qb3 Rb8 14. Be2 Rg8 15. Bf3 b6 16. a4 c5 17. Nc4 Qc7 18.
Ne5 Bd6 19. Nxd7 Qxd7 20. O-O Qc7 21. h3 Ke7 22. Rfd1 Rg6 23. Qb5 Rbg8 24. Kf1 Rb8 25. Rd2 Rgg8 26. Rad1 Rgd8 27. Qd3 c4 28. Qc2 Qd7 29.
e4 fxe4 30. Qxe4 Qxa4 31. Qh4+ Kd7 32. Qxh7 Rf8 33. Re1 Rbe8 34. Rdd1 a5 35. Qe4 Rb8 36. d5 e5 37. Qf5+ Kc7 38. Rxe5 Bxe5 39. Qxe5+ Kb7 40. d6+ Ka6 41. d7 Rfd8 42. Qd6 Qb5 43. Rd2 f6 44. h4 Qe5 45. Qc6 Qb5 46. Qxf6 Qa4 47. Qd4 Qb5 48. g3 Rf8 49. Kg2 Rbd8 50. g4 Rb8 51. h5 Rfd8 52. Qd6 Qg5 53. Rd5 Qg7 54. Be2 Rb7 55. Bxc4+ Ka7 56.
Qg6 Qxg6 57. hxg6 Rbxd7 58. Rxd7+ Rxd7 59. Bf7 a4 60. g7 Rxf7 61. g8=Q Rb7 62. Qc4 a3 63.
bxa3 b5 64. Qc5+ Ka8 65. g5 Rb6 66. Qxb6 b4 67. Qc6+ 1-0

[Event "Late-Titled-Tuesday-Blitz-April-30-2024"]
[Site "Chess.com"]
[Date "2024.04.30"]
[Round "7"]
[White "schachlana"]
[Black "kalinchick"]
[Result "0-1"]
[WhiteElo "2360"]
[BlackElo "2480"]
[TimeControl "180+1"]
[EndTime "15:18:14 PDT"]
[Termination "kalinchick won by resignation"]

1. e4 e6 2. d4 d5 3. e5 c5 4. c3 Nc6 5. Nf3 Nge7 6. a3 Nf5 7. b4 cxd4 8. cxd4 Bd7 9. Be2 Rc8 10. O-O Be7 11.
g4 Nh4 12. Nbd2 h5 13. Nxh4 Bxh4 14. gxh5 Nxd4 15. Kh1 Bg5 16. Bg4 Qc7 17. f4 Be7 18. Bb2 Qb6 19. Rc1 Rxc1 20. Qxc1 Nc6 21. Nb3 a5 22.
bxa5 Qxb3 23. Bf3 Nxa5 24. f5 Nc4 25. fxe6 Bxe6 26. Bd4 Bxa3 27. Qf4 Be7 28. Qg3 Rh7 29. h6 g6 30. Qf4 Qd3 31. Bg2 Nd2 32. Rd1 Bb4 33.
Bf1 Qe4+ 34. Qxe4 dxe4 35. Bb5+ Bd7 36. Bxd7+ Kxd7 37. Be3 Ke6 38. Bxd2 Bxd2 39. Rxd2 Rxh6 40. Rb2 Kxe5 41. Rxb7 f5 42. Kg2 Kf4 43. Rb4 Rh5 44. Rb6 g5 45. Rb3 Rh8 46. Rc3 Rd8 47. Rc2 Rd3 48.
Kf2 e3+ 49. Ke2 Rd2+ 50. Rxd2 exd2 51. Kxd2 Kf3 52. Ke1 Kg2 53. Ke2 Kxh2 54. Ke3 Kg3 55. Ke2 f4 56. Kd3 f3 0-1

[Event "Late-Titled-Tuesday-Blitz-April-30-2024"]
[Site "Chess.com"]
[Date "2024.04.30"]
[Round "7"]
[White "IngOscarArdila"]
[Black "ATM622"]
[Result "1-0"]
[WhiteElo "2333"]
[BlackElo "2499"]
[TimeControl "180+1"]
[EndTime "15:18:15 PDT"]
[Termination "IngOscarArdila won by resignation"]

1. d4 d5 2. Nf3 Nf6 3. e3 Bf5 4. Bd3 Bxd3 5. Qxd3 Nbd7 6. O-O e6 7. c3 c5 8. Nbd2 Be7 9. e4 dxe4 10. Nxe4 Nxe4 11. Qxe4 Rb8 12. Bf4 Nf6 13. Qe2 Rc8 14. Rfd1 Qb6 15. Ne5 O-O 16. dxc5 Bxc5 17. Nd7 Nxd7 18. Rxd7 Rfd8 19.
Rad1 Rxd7 20. Rxd7 Qc6 21. Qd3 h6 22. Rd8+ Rxd8 23.
Qxd8+ Kh7 24. Qd3+ g6 25. Be5 Be7 26. Qd4 Qc5 27.
Qxc5 Bxc5 28. Kf1 g5 29. Ke2 Kg6 30. f3 Kf5 31. Bb8 e5 32. g4+ Ke6 33. Kd3 Bb6 34. Ke4 f6 35. a4 a5 36. b4 Kd7 37. Kf5 Bg1 38. h3 Ke7 39. Kg6 Ke6 40. Kxh6 Be3 41. Bc7 axb4 42. cxb4 Kd7 43. Bb8 Bd2 44. b5 Ke6 45. Kg6 Be1 46. Bc7 Kd7 47. Bb6 Ke6 48.
Bc5 Ba5 49. Bf8 Kd5 50. Be7 Kc4 51. Bxf6 Kb3 52. Bxe5 Kxa4 53. Kxg5 Kxb5 54. h4 Kc4 55. h5 Bc3 56. Bxc3 Kxc3 57. h6 b5 58. h7 1-0

[Event "Late-Titled-Tuesday-Blitz-April-30-2024"]
[Site "Chess.com"]
[Date "2024.04.30"]
[Round "7"]
[White "jaramsdal"]
[Black "Djager97"]
[Result "0-1"]
[WhiteElo "2391"]
[BlackElo "2570"]
[TimeControl "180+1"]
[EndTime "15:18:16 PDT"]
[Termination "Djager97 won on time"]

1. e4 e5 2. Nf3 Nc6 3. Bc4 Bc5 4. O-O Nf6 5. d3 d6 6. c3 a6 7. b4 Ba7 8. h3 O-O 9. Re1 Kh8 10. Nbd2 Ng8 11. Nf1 f5 12. exf5 Bxf5 13. Ng3 Bg6 14. Be3 Bxe3 15. fxe3 d5 16. Bb3 Nf6 17. e4 Qd6 18.
Nh4 Rad8 19. Nxg6+ hxg6 20. exd5 Nxd5 21. Qg4 Rf4 22.
Qg5 Qf6 23. Qxf6 gxf6 24. Ne2 Rh4 25. Rf1 Kg7 26. Rf3 g5 27. Raf1 Nf4 28. Nxf4 Rxf4 29. g3 Rxf3 30. Rxf3 e4 31. dxe4 Ne5 32. Rf1 Rd3 33.
Kg2 Rxc3 34. Rd1 b6 35. Rd8 c5 36. bxc5 bxc5 37. Bd5 Rc2+ 38. Kf1 c4 39. a4 c3 40. Rg8+ Kh7 41. Rc8 Nd3 42. e5 Rc1+ 43. Ke2 Nxe5 44.
Be4+ Kg7 45. a5 Ra1 46. Rc7+ Kf8 47. Rxc3 Rxa5 48. Rc8+ Ke7 49. Rc7+ Kd6 50. Ra7 Ra3 0-1

[Event "Late-Titled-Tuesday-Blitz-April-30-2024"]
[Site "Chess.com"]
[Date "2024.04.30"]
[Round "7"]
[White "IMRosen"]
[Black "imdvb6307"]
[Result "1-0"]
[WhiteElo "2690"]
[BlackElo "2545"]
[TimeControl "180+1"]
[EndTime "15:18:18 PDT"]
[Termination "IMRosen won on time"]

1. d4 d5 2. Bf4 Nf6 3. e3 c6 4.
Nf3 Bg4 5. Nbd2 e6 6. c4 Nbd7 7. Qb3 Qb6 8. c5 Qxb3 9. axb3 a6 10. b4 Rc8 11. h3 Bxf3 12. gxf3 Be7 13. Nb3 Bd8 14.
Na5 Bxa5 15. bxa5 e5 16. dxe5 Nh5 17. b4 Nxf4 18. exf4 O-O 19. Kd2 Rce8 20. Re1 Re7 21. Bd3 Rfe8 22. Bf5 Nf8 23. Re3 g6 24. Rg1 Kh8 25.
Bc2 Ne6 26. Rg4 h5 27. Rh4 Kg7 28. f5 gxf5 29. Bxf5 Rh8 30. f4 Nd4 31. Rg3+ Kf8 32. Bd3 f6 33. Kc3 Ne6 34. f5 fxe5 35. fxe6 Rxe6 36. Rg5 e4 37. Be2 Rf6 38. f4 exf3 39. Bf1 Rh7 40. Rhxh5 Re7 41. Rf5 Ref7 42. Rxf6 Rxf6 43.
Kd3 Kg7 44. Rg5+ Kh6 45. Rg3 Rf4 46. Ke3 Rxb4 47. Rxf3 Ra4 48. Rf7 Rxa5 49. Rxb7 Rxc5 50.
Kf4 d4 51. Rb6 a5 52. Ra6 Kh5 53. Ke4 1-0

[Event "Late-Titled-Tuesday-Blitz-April-30-2024"]
[Site "Chess.com"]
[Date "2024.04.30"]
[Round "7"]
[White "Iuckyducky"]
[Black "Slovak_fighter2000"]
[Result "0-1"]
[WhiteElo "2238"]
[BlackElo "2464"]
[TimeControl "180+1"]
[EndTime "15:18:25 PDT"]
[Termination "Slovak_fighter2000 won by resignation"]

1. e4 c5 2. Nf3 Nc6 3. Bb5 e6 4. Bxc6 bxc6 5. O-O Ne7 6. e5 Ng6 7. Re1 f6 8. d4 cxd4 9. Qxd4 Be7 10. c4 O-O 11. Nc3 fxe5 12. Nxe5 Nxe5 13. Qxe5 d6 14. Qg3 e5 15. Be3 Qc7 16. Rad1 Be6 17. b3 Rad8 18.
h3 d5 19. cxd5 cxd5 20. Nb5 Qb8 21. Nxa7 d4 22. Nc6 dxe3 23. Nxb8 exf2+ 24. Kh2 fxe1=Q 25.
Rxe1 Rxb8 26. Qxe5 Rb6 27. Qd4 Rd6 28. Qe3 Rfd8 29. a4 Bf6 30. a5 Kf7 31. b4 Rb8 32.
b5 Rxb5 33. Qa7+ Rd7 34. Qe3 Re7 35. a6 Ra5 36. Qf3 Rxa6 37. Qh5+ Kg8 38. Rb1 Ra8 39. Rb6 Bf7 40. Qg4 Rae8 41. h4 Be5+ 42. Kh3 Be6 43. Rxe6 Rxe6 44. h5 h6 45. Qc4 Bf6 46. g4 Kh8 47.
Kh2 Re2+ 48. Kg3 R8e3+ 49. Kf4 Re4+ 50. Qxe4 Rxe4+ 51. Kxe4 Bg5 52. Kf5 Kg8 53. Kg6 Kf8 54.
Kh7 Kf7 55. Kh8 Kf6 56. Kh7 Ke5 57. Kxg7 Kf4 58. Kf7 Kxg4 59. Kg6 Kh4 60. Kf5 Kxh5 61. Ke4 Kg4 62. Kd3 Kf3 0-1

[Event "Late-Titled-Tuesday-Blitz-April-30-2024"]
[Site "Chess.com"]
[Date "2024.04.30"]
[Round "7"]
[White "Durarbayli"]
[Black "albi1999"]
[Result "1-0"]
[WhiteElo "2916"]
[BlackElo "2651"]
[TimeControl "180+1"]
[EndTime "15:18:27 PDT"]
[Termination "Durarbayli won by resignation"]

1. e4 c5 2. Nf3 a6 3. c3 d5 4. exd5 Nf6 5. d4 cxd4 6. cxd4 Nxd5 7. Bc4 Nc6 8. Nc3 e6 9. O-O Be7 10. Ne4 O-O 11. Re1 b6 12. a3 Bb7 13. Qd3 Bf6 14.
Bg5 Nce7 15. Rad1 Ng6 16. g3 Re8 17. h4 Bxg5 18. Nexg5 Nf6 19. Ne5 Nxe5 20. dxe5 Qxd3 21. Bxd3 Nd5 22. Bxh7+ Kf8 23. Be4 Ke7 24. Rd2 Rac8 25. Bg2 Rc7 26. Ne4 Ba8 27. Nd6 Rd8 28. f4 f6 29. Rf2 Rf8 30. Rd2 b5 31. Ne4 fxe5 32.
fxe5 Rfc8 33. Nd6 Rf8 34. Ree2 Rc1+ 35. Kh2 Bc6 36. Rf2 Rxf2 37. Rxf2 Be8 38. Bxd5 exd5 39. Nf5+ Kd7 40. Nxg7 Bg6 41. h5 Be4 42. g4 d4 43. Kg3 d3 44. Kf4 Re1 45. Nf5 Re2 46. Rf1 d2 47. Ne3 Bd3 48. Rd1 b4 49. axb4 Bb5 50.
h6 Ba4 51. h7 Bxd1 52. h8=Q Rf2+ 53. Kg5 Bxg4 54. Qg7+ Kc6 55. Qh6+ Kb5 56. Kxg4 Rg2+ 57. Kf3 Re2 58. Kxe2 1-0

[Event "Late-Titled-Tuesday-Blitz-April-30-2024"]
[Site "Chess.com"]
[Date "2024.04.30"]
[Round "7"]
[White "Rytenko_V"]
[Black "laskakid"]
[Result "1/2-1/2"]
[WhiteElo "2486"]
[BlackElo "2401"]
[TimeControl "180+1"]
[EndTime "15:18:29 PDT"]
[Termination "Game drawn by repetition"]

1. e4 d6 2. Nf3 Nf6 3. Nc3 e5 4. Bc4 Be7 5. O-O O-O 6. h3 c6 7. a4 h6 8. Bb3 Re8 9. d3 Nbd7 10. Ne2 Nc5 11. Ng3 Nxb3 12. cxb3 Be6 13. d4 Qc7 14.
Be3 Bf8 15. Rc1 exd4 16. Nxd4 Bd7 17. Qd3 Qa5 18. Ndf5 d5 19. Bd2 Qb6 20. a5 Qd8 21. exd5 Nxd5 22. Rfe1 Qf6 23. Rxe8 Rxe8 24. a6 b5 25. Nd4 Rb8 26. Ne4 Qg6 27. Qf3 Rb6 28. Ra1 c5 29. Ne2 Nf6 30. Nxf6+ Qxf6 31. Qxf6 Rxf6 32.
Be3 Bc8 33. b4 Rxa6 34. Rxa6 Bxa6 35. bxc5 Bb7 36. b4 Be7 37. Nd4 a6 38. Bf4 Kf8 39. Be5 f6 40. Bc7 Ke8 41. Kf1 Kd7 42. Bg3 g6 43. Ke2 f5 44. f3 Bf6 45. Bf2 Bd5 46.
Kd3 Kc7 47. Be3 Bc4+ 48. Kd2 Kd7 49. Nc2 Bd5 50. Bd4 Be7 51. Bg7 Bg5+ 52. Kc3 h5 53.
Be5 Be7 54. Kd4 Ke6 55. Ne3 Bc6 56. f4 Bf8 57. g4 hxg4 58. hxg4 fxg4 59. Nxg4 Be7 60.
Ne3 Bf8 61. Ng4 Be7 62. Ne3 Bf8 63. Ng4 1/2-1/2

[Event "Late-Titled-Tuesday-Blitz-April-30-2024"]
[Site "Chess.com"]
[Date "2024.04.30"]
[Round "7"]
[White "kemelgallo"]
[Black "Mops_2004"]
[Result "1-0"]
[WhiteElo "2617"]
[BlackElo "2789"]
[TimeControl "180+1"]
[EndTime "15:18:30 PDT"]
[Termination "kemelgallo won on time"]

1. e4 g6 2. d4 Bg7 3. Nc3 d6 4.
Nf3 a6 5. Be2 Nf6 6. O-O O-O 7. h3 Nc6 8. Re1 b5 9. Bf1 e5 10. dxe5 Nxe5 11. Nxe5 dxe5 12. Be3 Be6 13. Bc5 Re8 14. a4 Nd7 15. Ba3 c6 16. axb5 axb5 17. Bd6 Nb6 18. Bc5 Qc7 19. b3 Red8 20.
Rxa8 Rxa8 21. Qd2 Nd7 22. Bd6 Qb6 23. Rd1 h5 24. Be7 Bf8 25. Bxf8 Rxf8 26. Qd6 Qc5 27.
Qxc5 Nxc5 28. b4 Na6 29. Rb1 Rd8 30. Ne2 Rd2 31. c3 Nc7 32. Ra1 Bc4 33. Ng3 h4 34. Bxc4 hxg3 35. Bb3 gxf2+ 36. Kf1 Rb2 37. Bxf7+ Kxf7 38.
Ra7 Kf6 39. Rxc7 Kg5 40. Rxc6 Kf4 41. Rf6+ Kxe4 42. Rf3 Rc2 43. h4 Rd2 44. Rg3 Kd5 45. Rxg6 e4 46. Rg3 Kc4 47. h5 Rd3 48. Rg4 Re3 49. Kxf2 Kd3 50. h6 Re2+ 51. Kg3 e3 52. h7 Re1 53. h8=Q Ke2 54. Re4 Rd1 55. Qh5+ Kd2 56. Rxe3 1-0

[Event "Late-Titled-Tuesday-Blitz-April-30-2024"]
[Site "Chess.com"]
[Date "2024.04.30"]
[Round "7"]
[White "JaackCamel"]
[Black "ArrestingPieces"]
[Result "0-1"]
[WhiteElo "2282"]
[BlackElo "2526"]
[TimeControl "180+1"]
[EndTime "15:18:30 PDT"]
[Termination "ArrestingPieces won on time"]

1. d4 d5 2. c4 e6 3. Nc3 Be7 4. cxd5 exd5 5. Bf4 Nf6 6. e3 O-O 7. Bd3 c5 8. dxc5 Nc6 9. h3 Bxc5 10. Nf3 d4 11. exd4 Re8+ 12. Be2 Nxd4 13. Nxd4 Qxd4 14. Qxd4 Bxd4 15. Nb5 Be5 16. Bxe5 Rxe5 17. Nc3 Ne4 18. Nxe4 Rxe4 19. O-O-O Be6 20. Bf3 Ra4 21. Bd5 Bxd5 22.
Rxd5 Rxa2 23. Rhd1 Ra1+ 24. Kc2 Rxd1 25. Rxd1 g6 26.
Rd7 Rb8 27. Kb3 Kg7 28. Kb4 Kf6 29. Kb5 Ke6 30. Rc7 h5 31. b4 h4 32. g3 hxg3 33. fxg3 Rd8 34. Rxb7 Rd3 35. Rxa7 Rxg3 36. Kc6 Rc3+ 37.
Kb6 Rxh3 38. b5 g5 39. Ra4 Rb3 40. Kc6 f5 41. Ra8 f4 42. b6 f3 43. Rf8 g4 44.
Rf4 g3 45. b7 f2 46. Kc7 Rxb7+ 47. Kxb7 Ke5 48. Rf8 Ke4 49. Kc6 Ke3 50. Kd5 g2 51.
Re8+ Kd3 52. Ra8 g1=Q 53. Ra3+ Ke2 54. Ra2+ Kf3 55. Ra3+ Kg2 56. Ra2 Qd1+ 57. Kc4 Qd6 58. Kc3 Qe5+ 0-1

[Event "Late-Titled-Tuesday-Blitz-April-30-2024"]
[Site "Chess.com"]
[Date "2024.04.30"]
[Round "7"]
[White "sassassasss"]
[Black "merinasian"]
[Result "0-1"]
[WhiteElo "2396"]
[BlackElo "2599"]
[TimeControl "180+1"]
[EndTime "15:18:32 PDT"]
[Termination "merinasian won on time"]

1. e4 d6 2. d4 Nd7 3. Nc3 g6 4. Be3 Bg7 5. Qd2 a6 6. a4 b6 7.
f3 e6 8. h4 h6 9. h5 g5 10. g4 Ne7 11. Nge2 Bb7 12. Ng3 d5 13. Bd3 c5 14. e5 cxd4 15. Bxd4 Nxe5 16. Be2 Qc7 17.
O-O-O N7c6 18. Bf2 O-O 19. Kb1 Rac8 20. f4 gxf4 21. Qxf4 Qe7 22. Bxb6 Nb4 23. Bd4 Nbc6 24. Bb6 Rb8 25. a5 Ba8 26. Bxa6 Nc4 27. Bxc4 dxc4 28.
Nge4 Ne5 29. Rhe1 f5 30. gxf5 Rxf5 31. Qg3 Kh8 32. Rf1 Rg8 33. Rxf5 exf5 34. Nc5 Nd3 35. cxd3 Bxc3 36. Qh2 Bd4 37. dxc4 Bxc5 38. Bxc5 Qxc5 39.
Rd5 Bxd5 40. cxd5 Qxd5 41. Qc2 Rd8 42. Qc3+ Qd4 43. Qc7 Qd3+ 44. Ka2 Qd5+ 45. Ka3 Rd7 46. Qc8+ Kg7 47. b4 Qd3+ 48. Ka4 Qd4 49. Qc6 Qd6 50.
Qg2+ Kf7 51. Qf3 Qe5 52. Qb3+ Qe6 53. Qg3 Qf6 0-1

[Event "Late-Titled-Tuesday-Blitz-April-30-2024"]
[Site "Chess.com"]
[Date "2024.04.30"]
[Round "7"]
[White "klercaku"]
[Black "IsaqueGoncalvesSanto"]
[Result "1-0"]
[WhiteElo "2249"]
[BlackElo "1860"]
[TimeControl "180+1"]
[EndTime "15:18:32 PDT"]
[Termination "klercaku won on time"]

1. e4 e6 2. d4 d5 3. Nd2 Nc6 4. c3 Nf6 5. e5 Nd7 6. Ngf3 f6 7. exf6 Qxf6 8. Bd3 Bd6 9. O-O O-O 10. Nb3 e5 11. dxe5 Ndxe5 12. Be2 Be6 13. Nxe5 Nxe5 14. Nd4 Bd7 15. Nf3 c6 16. Nxe5 Qxe5 17. f4 Qe7 18. Bd2 Rae8 19. Bd3 Qh4 20. Qf3 Bg4 21. Qg3 Qxg3 22. hxg3 Be2 23. Bxe2 Rxe2 24. Rad1 Rfe8 25. Rfe1 Bc5+ 26. Kh2 Kf7 27. Rf1 g6 28. Kh3 Bf2 29. g4 h5 30. g3 Rh8 31. gxh5 gxh5 32. Kg2 Bb6+ 33. Kf3 Rhe8 34. Rfe1 Rxe1 35. Rxe1 Rxe1 36.
Bxe1 Kg6 37. Bd2 a6 38. b3 Bg1 39. a4 Kf5 40. Be1 Bb6 41. Bd2 Bd8 42. Be1 Bf6 43. Bd2 b6 44. Be1 b5 45. axb5 axb5 46. Bd2 c5 47.
Be1 d4 48. cxd4 Bxd4 49. Bd2 c4 50. bxc4 bxc4 51. Bc1 c3 52. Ba3 c2 53. Bc1 1-0

[Event "Late-Titled-Tuesday-Blitz-April-30-2024"]
[Site "Chess.com"]
[Date "2024.04.30"]
[Round "7"]
[White "falzehope0"]
[Black "karinachess1"]
[Result "0-1"]
[WhiteElo "2426"]
[BlackElo "2602"]
[TimeControl "180+1"]
[EndTime "15:18:33 PDT"]
[Termination "karinachess1 won by resignation"]

1. d4 Nf6 2. e3 e6 3. Bd3 b6 4. f4 Bb7 5. Nf3 Be7 6. O-O d5 7. Nbd2 Nbd7 8. Ne5 Ne4 9. Qh5 O-O 10. Nxe4 dxe4 11. Bb5 Nf6 12. Qh3 c5 13. c3 Qd5 14. Bc4 Qd6 15. f5 exf5 16. Qxf5 Bd5 17.
Ba6 Rad8 18. Bd2 g6 19. Qf2 Nh5 20. c4 Be6 21. Bc3 f6 22. Nc6 Qxc6 23. d5 Qd6 24.
dxe6 Qxe6 25. Rad1 Rd3 26. Rxd3 exd3 27. b3 Qe4 28. h3 Bd6 29. Qf3 Ng3 30. Rd1 Ne2+ 31. Kf2 Nxc3 32. Rd2 Be5 33. Bb7 Qh4+ 34. Kf1 Rd8 35.
Bd5+ Nxd5 36. cxd5 c4 37. bxc4 Qxc4 38. Rd1 d2+ 39. Kg1 Qxd5 40. e4 Qd4+ 41. Kh1 Qd3 42. Qg4 Kg7 43. Qe6 Qd7 44. Qb3 Bb8 45. Qc3 Qd6 46.
g3 Qxg3 47. Qxg3 Bxg3 48. Kg2 Be5 49. Kf3 Bc3 50. Ke3 Ba5 51. a3 Rc8 52. Ke2 Rc1 53. h4 f5 54. exf5 gxf5 55. h5 f4 56. a4 f3+ 57.
Kf2 Rxd1 58. h6+ Kxh6 59. Kxf3 Rf1+ 60. Ke3 d1=Q 61. Ke4 Qf3+ 62. Ke5 Rd1 63. Ke6 Qd5+ 64. Ke7 Re1+ 65. Kf8 Qd8+ 66. Kf7 Qe7+ 0-1

[Event "Late-Titled-Tuesday-Blitz-April-30-2024"]
[Site "Chess.com"]
[Date "2024.04.30"]
[Round "7"]
[White "shimastream"]
[Black "jefferyx"]
[Result "0-1"]
[WhiteElo "3040"]
[BlackElo "3116"]
[TimeControl "180+1"]
[EndTime "15:18:34 PDT"]
[Termination "jefferyx won on time"]

1. e4 c5 2. d4 cxd4 3. Qxd4 Nf6 4. Nc3 d6 5. Nf3 a6 6. Be2 g6 7.
O-O Bg7 8. Qd3 O-O 9. Bg5 Bg4 10.
Rad1 Nbd7 11. h3 Bxf3 12. Qxf3 h6 13. Bf4 Qb6 14. b3 Qc5 15. Rd2 Ne5 16. Bxe5 Qxe5 17.
a4 Nh7 18. Nd5 Ng5 19. Qe3 e6 20. Nb6 Rad8 21. Nc4 Qxe4 22. Nxd6 Qxe3 23. fxe3 Rd7 24. Rfd1 Rfd8 25. h4 Nh7 26. Bf3 Bf6 27. h5 Ng5 28.
Bxb7 a5 29. hxg6 fxg6 30. Bc6 Rc7 31. Bb5 Be7 32. Bc4 Kg7 33. Nb5 Rxd2 34. Rxd2 Rb7 35. Nd4 Kf6 36. Rf2+ Ke5 37. Rd2 Bc5 38. Kf1 Ne4 39.
Rd1 Rf7+ 40. Nf3+ Kf6 41. Ke2 Nc3+ 42. Kd2 Nxd1 43. Kxd1 Bxe3 44. Ke2 Bc5 45. Nd2 Ke5 46. c3 h5 47. Bd3 g5 48. Nc4+ Kf4 49. Nxa5 g4 50. b4 Bb6 51. Nc4 Ba7 52. a5 h4 53.
b5 h3 54. gxh3 gxh3 55. Nd6 h2 56. Be4 Rd7 57. b6 Bxb6 58. axb6 Rxd6 59. b7 Rb6 60. Bh1 e5 61. c4 e4 0-1

[Event "Late-Titled-Tuesday-Blitz-April-30-2024"]
[Site "Chess.com"]
[Date "2024.04.30"]
[Round "7"]
[White "stepanosinovsky"]
[Black "Bala-Afiada"]
[Result "1/2-1/2"]
[WhiteElo "2345"]
[BlackElo "2002"]
[TimeControl "180+1"]
[EndTime "15:18:35 PDT"]
[Termination "Game drawn - insufficient material"]

1. Nf3 d5 2. g3 c5 3. Bg2 Nc6 4. O-O e5 5. d3 Nf6 6. Nbd2 Be7 7.
e4 Be6 8. exd5 Nxd5 9. Re1 f6 10.
c3 O-O 11. d4 cxd4 12. cxd4 Qc7 13. dxe5 fxe5 14. Nc4 Rxf3 15. Qxf3 Nd4 16. Qxd5 Bxd5 17. Bxd5+ Kh8 18. Nxe5 Qc5 19. Nf7+ Kg8 20. Re5 Bf6 21. Nd8+ Kf8 22. Ne6+ Nxe6 23. Be3 Bxe5 24. Bxc5+ Nxc5 25. Rb1 Rd8 26. Bc4 a6 27. b4 Ne4 28. Re1 Rd4 29. Bb3 Ke7 30. Bc2 Kd6 31. Bxe4 Rxb4 32. Bxh7 Rb2 33. Rd1+ Kc5 34. Bg8 Bd4 35. Rf1 b5 36.
Kg2 a5 37. h4 b4 38. g4 a4 39. g5 b3 40. axb3 axb3 41. Kg3 Kb4 42. f4 Rc2 43. Bh7 Rc3+ 44. Kg4 b2 45. h5 Rc1 46. Rf3 b1=Q 47. Bxb1 Rxb1 48. Kf5 Rg1 49. Kg6 Kc5 50. Ra3 Rg4 51. Ra5+ Kd6 52. Rf5 Ke7 53. Rf7+ Ke6 54. Rxg7 Bxg7 55. Kxg7 Rxf4 56. g6 Rg4 57. h6 Kf5 58. h7 Rxg6+ 59. Kh8 Rh6 60. Kg7 Rg6+ 61.
Kh8 Rh6 62. Kg7 Rxh7+ 63. Kxh7 1/2-1/2

[Event "Late-Titled-Tuesday-Blitz-April-30-2024"]
[Site "Chess.com"]
[Date "2024.04.30"]
[Round "7"]
[White "simaopdias"]
[Black "CDOEspiao"]
[Result "0-1"]
[WhiteElo "2342"]
[BlackElo "2541"]
[TimeControl "180+1"]
[EndTime "15:18:41 PDT"]
[Termination "CDOEspiao won by resignation"]

1. e4 c5 2. Nf3 e6 3. d4 cxd4 4.
Nxd4 a6 5. c4 Nf6 6. Bd3 Qc7 7.
O-O b6 8. Be3 Be7 9. Nc3 d6 10. Rc1 Bb7 11. f3 Nbd7 12. Qe2 Rc8 13. Rfd1 O-O 14. Qf2 Qb8 15. Nb3 Bd8 16. Na4 Bc6 17.
Nc3 Re8 18. Nd4 Ba8 19. Nb3 Bc7 20. g3 d5 21. cxd5 exd5 22. Nxd5 Nxd5 23. exd5 Bxd5 24.
Bxa6 Qa8 25. Bxc8 Rxc8 26. Bf4 Bxf4 27. Rxc8+ Qxc8 28. Rxd5 Bh6 29. f4 g6 30. Qd2 Nf8 31. Rd8 Qe6 32. Nd4 Qxa2 33. Nc6 Qb1+ 34. Kg2 Qe4+ 35.
Kh3 Qxc6 36. Qd6 Qb5 37. Qd2 Bg7 38. b4 Qf1+ 39. Qg2 Qb1 40. Qd2 h5 41. Kg2 Qe4+ 42. Kf2 Bf6 43. Rc8 Bd4+ 44. Kf1 Qh1+ 45. Ke2 Qxh2+ 46.
Kd1 Qh1+ 47. Kc2 Qe4+ 48. Kb3 Qe6+ 49. Rc4 b5 50. Qxd4 bxc4+ 51. Kc3 Nd7 52. b5 Nb6 53. Kb4 Nd5+ 54. Kc5 c3 55. b6 Qxb6+ 0-1

[Event "Late-Titled-Tuesday-Blitz-April-30-2024"]
[Site "Chess.com"]
[Date "2024.04.30"]
[Round "7"]
[White "FairChess_on_YouTube"]
[Black "DominguezOnYoutube"]
[Result "1/2-1/2"]
[WhiteElo "3087"]
[BlackElo "2961"]
[TimeControl "180+1"]
[EndTime "15:18:42 PDT"]
[Termination "Game drawn by repetition"]

1. c4 e6 2. g3 Nf6 3. Bg2 d5 4. Nf3 Be7 5. O-O O-O 6. cxd5 exd5 7. d3 Re8 8. Nbd2 c5 9. b3 Nc6 10. Bb2 b6 11. Rc1 Bb7 12. d4 Bf8 13. Re1 Rc8 14. Bh3 Rc7 15. e3 Nb4 16. Bf1 Nxa2 17. Ra1 Nb4 18. Rxa7 Ne4 19. Bb5 Bc6 20. Rxc7 Qxc7 21. Bxc6 Qxc6 22. Ne5 Qe6 23. Ndf3 f6 24. Nd3 Nxd3 25.
Qxd3 c4 26. Qc2 b5 27. Ra1 Qc6 28. bxc4 bxc4 29. Bc3 Ra8 30. Rxa8 Qxa8 31. Nd2 Nxd2 32. Bxd2 Qc6 33. Qf5 g6 34. Qc2 Qb5 35. Qd1 Qb3 36. Qf3 c3 37. Bxc3 Qxc3 38. Qxd5+ Kh8 39. Qf7 Qc1+ 40.
Kg2 Qc6+ 41. Kg1 Qc1+ 42. Kg2 Qc6+ 43. Kg1 Qd6 44. h4 Qe7 45. Qd5 Kg7 46. Kg2 Qf7 47. Qc6 h5 48. Kg1 Qe7 49. Qd5 Qd6 50. Qb7+ Be7 51. Qa8 Qe6 52. Qb7 Kf7 53. Qa8 Kg7 54.
Qb7 g5 55. hxg5 fxg5 56. Qf3 g4 57. Qb7 Kf7 58. Qb1 Qg6 59. Qb3+ Qe6 60. Qb1 Kg7 61.
Qb7 Kf7 62. Qa8 Qf5 63. Qa2+ Kg7 64. Qa7 Kf7 65. Qa2+ Kg7 66. Qa7 Kf7 67. Qb7 Qe6 1/2-1/2